 Dungeon Crawl Stone Soup version 0.19.5 (webtiles) character file.

1600 Gargoyl the Chopper (level 8, -1/67 (68) HPs)
             Began as a Ghoul Abyssal Knight on Mar 6, 2017.
             Was a Priest of Lugonu.
             Slain by a gnoll
             ... wielding a cursed -2 halberd
              (13 damage)
             ... on level 5 of the Dungeon.
             The game lasted 00:10:37 (3828 turns).

Gargoyl the Chopper (Ghoul Abyssal Knight)          Turns: 3828, Time: 00:10:37

HP:   -1/67 (68)    AC:  8    Str: 16    XL:     8   Next: 94%
MP:   10/10         EV: 10    Int:  9    God:    Lugonu [***...]
Gold: 271           SH:  0    Dex: 10    Spells: 0 memorised, 7 levels left

rFire  . . .     SeeInvis .     d - +4 war axe
rCold  + . .     Gourm    .     m - +0 scale mail
rNeg   + + +     Faith    .     (no shield)
rPois  ∞         Spirit   .     (no helmet)
rElec  .         Reflect  .     (no cloak)
rCorr  .         Harm     .     (no gloves)
MR     +....                    k - +0 pair of boots
Stlth  ..........               (no amulet)
                                h - ring of protection from magic
                                i - +2 ring of intelligence

@: rotting, drained
A: rotting body, claws 1, carnivore 3, cold resistance 1, negative energy
resistance 3, slow regeneration 1, torment resistance, unbreathing
a: Depart the Abyss, Bend Space, Banish, Renounce Religion


You were on level 5 of the Dungeon.
You worshipped Lugonu.
Lugonu was most pleased with you.
You were not hungry.

You visited 1 branch of the dungeon, and saw 5 of its levels.
You visited the Abyss 1 time.

You collected 271 gold pieces.

Inventory:

Hand Weapons
 b - a +1 whip of electrocution
 d - a +4 war axe (weapon)
 g - a +0 spear
 n - a +0 war axe
Armour
 k - a +0 pair of boots (worn)
 m - a +0 scale mail (worn)
Jewellery
 a - a cursed -3 ring of intelligence
 f - an uncursed ring of ice
 h - a ring of protection from magic (right claw)
 i - a +2 ring of intelligence (left claw)
 r - an uncursed amulet of harm
Wands
 j - a wand of teleportation (6/9)
Scrolls
 e - 6 scrolls of remove curse
 o - a scroll of teleportation
 s - a scroll of identify
Potions
 p - a potion of flight
 q - 2 potions of resistance
Comestibles
 c - 5 meat rations
 l - 4 beef jerkies
 t - 3 chunks of flesh


   Skills:
 + Level 5.0(4.3) Fighting
 + Level 6.2(5.6) Axes
 * Level 5.8(5.2) Armour
 + Level 2.2(1.7) Dodging
 * Level 5.1(4.5) Invocations


You had 7 spell levels left.
You didn't know any spells.

Dungeon Overview and Level Annotations

Branches:
Dungeon (5/15)             Temple (0/1) D:4

Altars:
Makhleb
Okawaru
Trog
Vehumet


Innate Abilities, Weirdness & Mutations

Your body is rotting away.
You thrive on raw meat.
You are immune to poison.
You have sharp fingernails.
You are carnivorous and can eat meat at any time.
Your flesh is cold resistant. (rC+)
You are immune to negative energy. (rN+++)
You regenerate slowly when monsters are visible.
You are immune to unholy pain and torment.
You can survive without breathing.


Message History

You slash the jelly!
You kill the jelly!
Lugonu accepts your kill.
You barely miss the gnoll. You hit the gnoll. The gnoll closely misses you.
The gnoll hits you but does no damage. The gnoll hits you with a whip.
The gnoll hits you from afar with a halberd.
Unknown command.
The gnoll hits you with a halberd! The gnoll hits you but does no damage.
Things that are here:
a whip; a leather armour Unknown command.
You hit the gnoll.
The gnoll is heavily wounded.
You closely miss the gnoll. You slash the gnoll!
The gnoll hits you with a flail.
* * * LOW HITPOINT WARNING * * *
The gnoll hits you with a spear.
* * * LOW HITPOINT WARNING * * *
The gnoll hits you with a halberd!
You die...

..#.#..>.........................
..#.#.###.##..#########.......###
.....## #........# ......#.#
..#### #..#####.# #.#....#..# ..#
#..# #.#####.#....##.# ### ##.#
##.##.>.. ######.# ##.###. ..%#
.. ##...##..##### #. #.g@gg.....#
#.# #.##g......# #..
............########.
###.##....<........... #
######..#######.. #...........
##.#######.. #..# #.. ##.######..


You could see 4 gnolls.

Vanquished Creatures
  Pikel (D:4)
  Sigmund (D:4)
  Menkaure (D:5)
  Duvessa (D:4)
  A sky beast (D:4)
  Blork the orc (D:4)
  Dowan (D:4)
  A water moccasin skeleton (D:5)
  2 crimson imps (D:5)
  A hound (D:4)
  A jelly (D:5)
  An orc priest (D:4)
  A bullfrog skeleton (D:4)
  A gnoll shaman (D:5)
  A centaur skeleton (D:5)
  Ijyb (D:2)
  An iguana (D:5)
  An orc wizard (D:4)
  2 worker ants
  2 hound zombies (D:5)
  11 adders
  A shadow imp (D:3)
  An ooze (D:3)
  2 adder skeletons
  5 worms
  4 dart slugs
  6 leopard geckos
  3 orcs
  3 giant cockroaches
  7 goblins
  2 hobgoblins
  5 jackals
  4 kobolds
  2 ball pythons
  9 bats
  5 frilled lizards
  A quokka skeleton (D:5)
  7 rats
101 creatures vanquished.

Vanquished Creatures (others)
  2 slaves (D:4)
  A scorpion (D:4)
  A howler monkey skeleton (D:4)
  A worm (D:4)
  A frilled lizard (D:4)
6 creatures vanquished.

Grand Total: 107 creatures vanquished

Notes
Turn   | Place    | Note
-------+----------+-------------------------------------------
     0 | Abyss:1  | Gargoyl the Ghoul Abyssal Knight began the quest for the Orb.
     0 | Abyss:1  | Reached XP level 1. HP: 19/19 MP: 1/1
    60 | Abyss:2  | Noticed a small abomination
    72 | D:1      | Escaped the Abyss
   151 | D:1      | Reached * piety under Lugonu
   192 | D:1      | Reached XP level 2. HP: 26/26 MP: 2/2
   289 | D:1      | Reached skill level 2 in Axes
   498 | D:1      | Reached skill level 1 in Dodging
   785 | D:1      | Reached XP level 3. HP: 33/33 MP: 3/3
   996 | D:2      | Noticed Ijyb
  1014 | D:2      | Killed Ijyb
  1014 | D:2      | Reached XP level 4. HP: 24/39 MP: 4/4
  1076 | D:2      | Found a burning altar of Makhleb.
  1489 | D:2      | Found a radiant altar of Vehumet.
  1692 | D:3      | Reached ** piety under Lugonu
  1804 | D:3      | Found an iron altar of Okawaru.
  1832 | D:3      | Reached XP level 5. HP: 45/46 MP: 6/6
  1951 | D:3      | Reached skill level 3 in Axes
  2427 | D:3      | Found a bloodstained altar of Trog.
  2510 | D:4      | Noticed Sigmund
  2534 | D:4      | Killed Sigmund
  2534 | D:4      | Reached XP level 6. HP: 13/53 MP: 7/7
  2659 | D:4      | Noticed a slave
  2660 | D:4      | Noticed a slave
  2661 | D:4      | Noticed a slave
  2661 | D:4      | Noticed Pikel
  2662 | D:4      | Noticed a slave
  2699 | D:4      | Killed Pikel
  2699 | D:4      | Reached skill level 4 in Axes
  2699 | D:4      | Reached XP level 7. HP: 3/60 MP: 7/9
  2932 | D:4      | Noticed Duvessa
  2937 | D:4      | Noticed Dowan
  2937 | D:4      | Killed Duvessa
  2937 | D:4      | Reached XP level 8. HP: 59/67 MP: 10/10
  2945 | D:4      | Killed Dowan
  2994 | D:4      | Found a staircase to the Ecumenical Temple.
  2996 | D:4      | Noticed Blork the orc
  3010 | D:4      | Killed Blork the orc
  3010 | D:4      | Reached skill level 5 in Axes
  3396 | D:4      | Reached skill level 5 in Armour
  3449 | D:5      | Entered Level 5 of the Dungeon
  3504 | D:5      | Reached *** piety under Lugonu
  3699 | D:5      | Noticed Menkaure
  3707 | D:5      | Killed Menkaure
  3707 | D:5      | Reached skill level 5 in Fighting
  3707 | D:5      | Reached skill level 6 in Axes
  3757 | D:5      | Reached skill level 5 in Invocations
  3828 | D:5      | Slain by a gnoll

Skill      XL: |  1  2  3  4  5  6  7  8 |
---------------+-------------------------+-----
Armour         | 2 3 4 5 |  5.8
Axes           | 2 3 4 6 |  6.2
Dodging        | 1 2 |  2.2
Invocations    | 3 4 5 |  5.1
Fighting       | 4 5 |  5.0

Action                   |  1- 3 |  4- 6 |  7- 9 || total
-------------------------+-------+-------+-------++-------
Melee: War axe           |    68 |   130 |   102 ||   300
Invok: Depart the Abyss  |     1 |       |       ||     1
  Use: Scroll            |     3 |     9 |       ||    12
       Potion            |       |     6 |     1 ||     7
  Eat: Chunk             |    10 |    20 |    16 ||    46
Armor: Leather armour    |    26 |    13 |       ||    39
       Scale mail        |       |    57 |    56 ||   113
       Ring mail         |       |     9 |       ||     9
Dodge: Dodged            |    49 |    75 |    73 ||   197
